 Dungeon Crawl Stone Soup version 0.29.0-7-g18a832c13a (webtiles) character file.

Game seed: 13584187931671330042

27 testlala the Cudgeller (level 3, 23/28 HPs)
             Began as a Gnoll Wanderer on Aug 31, 2022.
             Quit the game on level 1 of the Dungeon.
             The game lasted 00:05:36 (709 turns).

testlala the Cudgeller (Gnoll Wanderer)              Turns: 709, Time: 00:05:37

Health: 23/28      AC:  3    Str:  9    XL:     3   Next: 10%
Magic:  3/3        EV: 11    Int: 17    God:
Gold:   32         SH:  0    Dex: 15    Spells: 3/3 levels left

rFire   . . .      SeeInvis .   a - +2 mace
rCold   . . .      Faith    .   (no shield)
rNeg    . . .      Spirit   .   e - +0 robe
rPois   .          Reflect  .   c - +0 helmet
rElec   .          Harm     .   (no cloak)
rCorr   .          Rampage  .   (no gloves)
Will    .....                   (no boots)
Stlth   ++........              (no amulet)
HPRegen 0.09/turn               i - +6 ring of intelligence
MPRegen 0.08/turn               (no ring)

@: no status effects
A: fangs 1, strong nose, distributed training
a: no special abilities


You were on level 1 of the Dungeon.
You visited 1 branch of the dungeon, and saw 1 of its levels.

You collected 32 gold pieces.

Inventory:

Hand Weapons
 a - a +2 mace (weapon)
 b - a +0 quarterstaff
Missiles
 f - a throwing net (quivered)
Armour
 c - a +0 helmet (worn)
 e - a +0 robe (worn)
Jewellery
 i - a +6 ring of intelligence (left hand)
Scrolls
 h - a scroll of vulnerability {unknown}
Potions
 d - a potion of heal wounds
 g - 2 potions of might {unknown}
 j - 2 potions of degeneration {unknown}


   Skills:
 + Level 2.5 Fighting
 + Level 0.6 Short Blades
 + Level 0.6 Long Blades
 + Level 0.6 Axes
 + Level 6.5 Maces & Flails
 + Level 0.6 Polearms
 + Level 4.5 Staves
 + Level 0.6 Ranged Weapons
 + Level 2.5 Throwing
 + Level 2.5 Armour
 + Level 0.6 Dodging
 + Level 2.3 Stealth
 + Level 0.6 Shields
 + Level 0.6 Unarmed Combat
 + Level 0.6 Spellcasting
 + Level 0.4 Conjurations
 + Level 0.4 Hexes
 + Level 0.4 Summonings
 + Level 0.4 Necromancy
 + Level 0.4 Translocations
 + Level 0.4 Transmutations
 + Level 0.4 Fire Magic
 + Level 0.4 Ice Magic
 + Level 0.4 Air Magic
 + Level 0.4 Earth Magic
 + Level 0.4 Poison Magic
 + Level 0.8 Invocations
 + Level 2.5 Evocations


You had 3 spell levels left.
You didn't know any spells.
Your spell library was empty.

Dungeon Overview and Level Annotations

Branches:
Dungeon (1/15)

Altars:


Innate Abilities, Weirdness & Mutations

You have very sharp teeth.
Your uncanny sense of smell can sniff out nearby items.
Your experience applies equally to all skills.


Message History

You kill the bat!
You have reached level 3!
Your experience leads to an increase in your attributes!
Your base attributes are Str 9, Int 11, Dex 13.
Increase (S)trength, (I)ntelligence, or (D)exterity?
You feel agile. x2
The kobold hits you with a +0 whip.
You hit the kobold.
You kill the kobold!
No target in view!
Found 6 stones.
j - 2 fizzy black potions
Found a ring mail.
Found a stone staircase leading down.
There is a stone staircase leading down here.
A quokka and a rat come into view.
Found a viscous blue potion.
Unknown command.
Saving game... please wait.
Welcome back, testlala the Gnoll Wanderer.
Press ? for a list of commands and other information.
Saving game... please wait.
Welcome back, testlala the Gnoll Wanderer.
Press ? for a list of commands and other information.
The helpless quokka fails to defend itself.
You hit the quokka.
The quokka is heavily wounded.
The quokka bites you. x2
You hit the quokka.
The quokka is severely wounded.
The quokka closely misses you.
You hit the quokka. Your bite misses the quokka.
The quokka is almost dead.
The quokka closely misses you.
You hit the quokka.
You kill the quokka!
You closely miss the rat. The rat bites you.
You hit the rat.
You kill the rat!
No target in view!
Are you sure you want to abandon this character and quit the game? (Confirm with "yes".)

##### #...# ########...# ..
#.......!..# .... #..........#
... ###..........# ..#
.##....††....###### ..#
..#.....@..........
#>#...............####
#####.#..#............#
.........#.........##.#
#####.##.###...######.##
........†..............########
........................>[....#
......#......#................#
......##..##.#...#....##.#.##.#


There were no monsters in sight!

Vanquished Creatures
  3 dart slugs (D:1)
  3 bats (D:1)
  3 endoplasms (D:1)
  A goblin (D:1)
  3 hobgoblins (D:1)
  A kobold (D:1)
  2 quokkas (D:1)
  A ball python (D:1)
  A rat (D:1)
18 creatures vanquished.

Notes
Turn   | Place    | Note
-------+----------+-------------------------------------------
     0 | D:1      | testlala the Gnoll Wanderer began the quest for the Orb.
     0 | D:1      | testlala set off with the following items: a +2 mace, a +0
                  | quarterstaff, a +0 helmet, a potion of heal wounds, a +0
                  | robe.
     0 | D:1      | Reached XP level 1. HP: 17/17 MP: 1/1
   243 | D:1      | Reached XP level 2. HP: 23/23 MP: 2/2
   637 | D:1      | Reached XP level 3. HP: 28/28 MP: 3/3
   709 | D:1      | Quit the game

Illustrated notes

Levels and vault maps discovered:
D:1:      lightli_arrival_noodles, layout_basic

Action                   || total
-------------------------++-------
Melee: Mace              ||    44
       Bite              ||     4
       Punch             ||     1
 Stab: Sleeping          ||     5
Armor: Robe              ||    10
Dodge: Dodged            ||    21
